AoeStats
← [KMNB] Bandeira

African Clearing

506677553Analyzed
3v3 RM · 19d ago on Sep 14, 2026· 46m 11s· 6 players
Game mode
Random Map
Map size
Normal (6 player)
Population
200
Speed
Normal
Resources
Standard
Victory
Conquest
Starting age
Dark Age
Ending age
Imperial Age
RankedLock teamsTeams togetherTeam positionsShared explorationLock speedFull tech treeHidden civsTurbo modeCheats
Victory
Defeat
🇨🇳 Huns · China
1628
+12
🇨🇳 Magyars · China
1572
+14
🇨🇳 Magyars · China
1513
+17
🇧🇷 Huns · Brazil
1553
-15
🇧🇷 Ethiopians · Brazil
1525
-14
🇧🇷 Hindustanis · Brazil
1516
-14
[KMNB] Bandeira
5:40 Loom
12:43 Feudal Age
13:26 Double-Bit Axe
26:43 Castle Age
33:39 Horse Collar
33:53 Gold Mining
34:56 Wheelbarrow
35:27 Forging
35:52 Bloodlines
37:24 Iron Casting
36:59 Scale Barding Armor
36:55 Stone Mining
37:41 Husbandry
[KMNB] Galodoido
12:39 Feudal Age
11:29 Loom
17:16 Fletching
19:26 Double-Bit Axe
20:12 Padded Archer Armor
26:28 Castle Age
25:51 Gold Mining
26:36 Crossbowman
28:49 Ballistics
30:32 Bodkin Arrow
35:41 Bow Saw
36:16 Horse Collar
40:28 Imperial Age
39:21 Wheelbarrow
39:48 Gold Shaft Mining
39:43 Thumb Ring
40:06 Heavy Plow
41:14 Leather Archer Armor
40:30 Arbalester
41:28 Bracer
42:29 Ring Archer Armor
43:15 Chemistry
43:17 Hand Cart
43:11 Stone Mining
42:47 Elite Skirmisher
Fs.Khronos
4:41 Loom
12:08 Feudal Age
13:05 Double-Bit Axe
18:15 Castle Age
17:06 Fletching
19:17 Bodkin Arrow
19:32 Bow Saw
20:55 Padded Archer Armor
21:20 Horse Collar
23:35 Ballistics
27:46 Wheelbarrow
30:17 Husbandry
30:28 Bloodlines
32:24 Leather Archer Armor
32:48 Heavy Plow
39:15 Imperial Age
36:47 Town Watch
38:10 Town Patrol
38:25 Hand Cart
38:32 Thumb Ring
39:18 Heavy Cavalry Archer
40:23 Parthian Tactics
40:00 Bracer
41:02 Chemistry
40:39 Capped Ram
41:38 Siege Ram
42:14 Gold Mining
42:16 Stone Mining
LUCKY
4:16 Loom
13:17 Feudal Age
14:06 Double-Bit Axe
18:02 Castle Age
16:14 Horse Collar
17:26 Town Watch
19:06 Bow Saw
23:37 Fletching
28:00 Stone Mining
31:56 Wheelbarrow
33:52 Gold Mining
34:16 Heavy Plow
35:15 Hand Cart
37:10 Gold Shaft Mining
41:00 Imperial Age
39:13 Marauders
39:29 Scale Barding Armor
39:35 Forging
40:08 Bloodlines
39:58 Husbandry
39:19 Light Cavalry
40:48 Chain Barding Armor
41:52 Iron Casting
41:23 Elite Tarkan
43:03 Plate Barding Armor
46:58 Blast Furnace
只会打步弓
11:19 Feudal Age
16:08 Castle Age
14:33 Double-Bit Axe
16:09 Fletching
17:13 Bow Saw
17:48 Bodkin Arrow
18:23 Padded Archer Armor
21:57 Loom
23:19 Horse Collar
26:57 Wheelbarrow
28:42 Husbandry
28:52 Bloodlines
28:58 Bloodlines
30:42 Ballistics
30:20 Town Watch
31:36 Leather Archer Armor
33:25 Hand Cart
37:44 Imperial Age
36:36 Thumb Ring
36:57 Gold Mining
37:50 Town Patrol
38:30 Bracer
39:32 Chemistry
38:53 Conscription
39:00 Parthian Tactics
39:12 Recurve Bow
39:44 Ring Archer Armor
39:21 Heavy Plow
39:10 Heavy Cavalry Archer
40:39 Masonry
42:05 Two-Man Saw
47:20 Gold Shaft Mining
46:35 Stone Mining
小胖子
11:29 Feudal Age
12:09 Double-Bit Axe
13:05 Horse Collar
13:38 Loom
21:27 Castle Age
20:30 Scale Barding Armor
21:38 Bloodlines
28:33 Chain Barding Armor
30:14 Wheelbarrow
37:17 Imperial Age
35:01 Gold Mining
35:36 Heavy Plow
35:53 Bow Saw
37:24 Cavalier
38:40 Plate Barding Armor
38:22 Husbandry
39:01 Paladin
40:28 Hand Cart
41:51 Conscription
42:13 Town Watch
43:44 Gold Shaft Mining
43:00 Stone Mining
44:13 Two-Man Saw
43:43 Crop Rotation
44:22 Coinage
45:46 Banking
Connection lost

Rejoining the realm…

Still unreachable

The connection could not be restored.

Session expired

The server has moved on; the page needs a fresh start.